 Dungeon Crawl Stone Soup version 0.20.1-1-g8b1a95d (webtiles) character file.

4265 BALLS the Carver (level 10, -9/53 HPs)
             Began as a Vine Stalker Fighter on Dec 18, 2017.
             Was a Believer of Okawaru.
             Killed from afar by an electric eel (11 damage)
             ... with a bolt of electricity
             ... on level 8 of the Dungeon.
             The game lasted 00:15:18 (6792 turns).

BALLS the Carver (Vine Stalker Fighter)             Turns: 6792, Time: 00:15:18

Health: -9/53      AC: 12    Str: 22    XL:     10   Next: 31%
Magic:  0/20       EV:  8    Int:  8    God:    Okawaru [**....]
Gold:   631        SH: 19    Dex: 18    Spells: 7/9 levels left

rFire    . . .     SeeInvis .   a - +0 long sword
rCold    . . .     Gourm    .   q - +2 shield
rNeg     . . .     Faith    .   G - +4 ring mail
rPois    .         Spirit   +   y - +0 helmet
rElec    .         Reflect  +   E - +0 cloak
rCorr    .         Harm     .   (no gloves)
MR       +....                  (no boots)
Stlth    +.........             b - +6 amulet of reflection
Regen    0.6/turn               u - ring of magical power
MPRegen  0.2/turn               w - +4 ring of dexterity

@: no status effects
A: fangs 3, regeneration 1, magic shield, antimagic bite, no potion heal 3, rot
immunity
a: Heroism, Renounce Religion


You were on level 8 of the Dungeon.
You worshipped Okawaru.
Okawaru was pleased with you.
You were hungry.

You visited 2 branches of the dungeon, and saw 9 of its levels.

You collected 631 gold pieces.

Inventory:

Hand Weapons
 a - a +0 long sword (weapon)
Armour
 q - a +2 shield (worn)
 y - a +0 helmet (worn)
 E - a +0 cloak (worn)
 G - a +4 ring mail (worn)
Jewellery
 b - a +6 amulet of reflection (around neck)
 u - a ring of magical power (left hand)
 w - a +4 ring of dexterity (right hand)
Wands
 F - a wand of enslavement (20/24)
Scrolls
 c - a scroll of fear
 h - 2 scrolls of blinking
 k - 2 scrolls of amnesia
 l - 4 scrolls of recharging
 v - a scroll of immolation
 x - 3 scrolls of enchant weapon
 A - a scroll of enchant armour
 B - 2 scrolls of remove curse
 H - 2 scrolls of teleportation
Potions
 d - 4 potions of might
 e - a potion of brilliance {unknown}
 j - a potion of degeneration {unknown}
 m - 2 potions of agility {unknown}
 o - 3 potions of curing
 r - a potion of cancellation {unknown}
 s - 2 potions of berserk rage {unknown}
 C - a potion of resistance {unknown}
 D - a potion of flight {unknown}
Books
 p - a book of Maledictions

   Spells                             Type                      Level
   a - Corona                         Hexes                        1
   b - Ensorcelled Hibernation        Hexes/Ice                    2
   c - Confuse                        Hexes                        3
   d - Tukima's Dance                 Hexes                        3
   e - Dazzling Spray                 Conjuration/Hexes            3
 I - a book of Battle

   Spells                             Type                      Level
   a - Infusion                       Charms                       1
   b - Shroud of Golubria             Charms/Translocation         2
   c - Song of Slaying                Charms                       2
   d - Spectral Weapon                Hexes/Charms                 3
   e - Regeneration                   Charms/Necromancy            3
 J - a book of Minor Magic

   Spells                             Type                      Level
   a - Magic Dart                     Conjuration                  1
   b - Blink                          Translocation                2
   c - Call Imp                       Summoning                    2
   d - Slow                           Hexes                        2
   e - Conjure Flame                  Conjuration/Fire             3
   f - Mephitic Cloud                 Conjuration/Poison/Air       3
 K - a book of Misfortune

   Spells                             Type                      Level
   a - Confusing Touch                Hexes                        1
   b - Confuse                        Hexes                        3
   c - Gell's Gravitas                Translocation                3
   d - Petrify                        Transmutation/Earth          4
   e - Metabolic Englaciation         Hexes/Ice                    5
   f - Yara's Violent Unravelling     Hexes/Transmutation          5
Comestibles
 f - 7 bread rations
 i - 2 royal jellies
 z - 4 meat rations


   Skills:
 - Level 6.2 Fighting
 + Level 10.4 Long Blades
 - Level 5.0 Armour
 - Level 5.1 Shields


You had 7 spell levels left.
You knew the following spells:

 Your Spells              Type           Power        Failure   Level  Hunger
a - Blink                 Tloc           N/A          98%         2    ###....


Dungeon Overview and Level Annotations

Branches:
Dungeon (8/15)             Temple (1/1) D:6            Lair (0/6) D:8

Altars:
Ashenzari
Cheibriados
Dithmenos
Elyvilon
Fedhas
Gozag
Hepliaklqana
Kikubaaqudgha
Makhleb
Nemelex Xobeh
Okawaru
Qazlal
Ru
Uskayaw
Vehumet
Xom
Yredelemnul
Zin
The Shining One

Shops:
D:5 }!=(


Innate Abilities, Weirdness & Mutations

You have razor-sharp teeth.
Your natural rate of healing is unusually fast.
When hurt, damage is shared between your health and your magic reserves.
Your bite disrupts and absorbs the magic of your enemies.
Potions cannot restore your health.
You are immune to rotting.


Message History

The bolt of electricity hits you!
The electric eel shoots out a bolt of lightning at you!
The bolt of electricity hits the electric eel.
The electric eel completely resists.
The bolt of electricity hits you!
The electric eel shoots out a bolt of lightning at you!
The bolt of electricity hits you!
* * * LOW HITPOINT WARNING * * *
The electric eel shoots out a bolt of lightning at you!
The bolt of electricity hits you!
* * * LOW HITPOINT WARNING * * *
What are your orders? t - Shout!
Orders for allies: a - Attack new target. r - Retreat! s - Stop attacking. g - Guard the area. f - Follow me.
Anything else - Cancel.
You shout for attention!
The electric eel shoots out a bolt of lightning at you!
The bolt of electricity hits you!
You die...

....#............#.....≈.≈≈≈≈....
##### ##.##..##.##.....≈≈≈≈≈.≈≈≈≈
....#######..#######...≈≈≈≈≈≈≈≈≈.
....................≈≈≈.≈≈≈≈≈≈≈≈.
....................≈≈≈≈≈.≈.≈.≈≈≈
....)...............≈≈≈≈≈≈....≈≈≈
....####...####.##..≈≈≈≈≈..>.≈.≈≈
....####...####.##..≈≈≈≈≈≈.....≈.
......>.........@...;≈;≈≈≈....≈≈≈
.....................≈;≈≈.....≈≈≈
......................≈≈≈≈...≈≈≈.
....##................≈≈≈≈≈.≈≈≈≈.
....##.....##...##...≈..≈≈≈.≈≈≈≈≈
....#......##...##.....≈≈≈≈.≈≈≈≈≈
....#.......+...##.!..≈≈≈≈≈.≈.≈≈≈
....#.(.....#...####...≈h≈≈.≈.≈≈.
....##......#............≈≈.≈.≈..


You could see 3 electric eels.

Vanquished Creatures
  A two-headed ogre (D:5)
  A deep elf mage (D:7)
  A troll (D:7)
  Prince Ribbit (D:6)
  A hippogriff (D:7)
  Sigmund (D:5)
  A hungry ghost (D:6)
  Edmund (D:5)
  2 sky beasts (D:5)
  2 ogres
  2 orc warriors
  An ice beast (D:6)
  A necrophage (D:7)
  A wolf (D:7)
  2 centaurs
  6 bullfrogs
  3 crimson imps
  A quasit (D:7)
  A centaur skeleton (D:6)
  5 hounds
  A jelly (D:7)
  4 orc priests
  Crazy Yiuf (D:4)
  2 orc wizards
  Terence (D:2)
  2 iguanas
  3 worker ants
  Robin (D:3)
  3 gnolls (D:4)
  6 adders
  A shadow imp (D:5)
  An adder skeleton (D:5)
  5 worms
  5 dart slugs
  2 leopard geckos
  23 orcs
  5 bats
  4 giant cockroaches
  17 goblins
  6 hobgoblins
  4 jackals
  7 kobolds
  3 quokkas
  5 frilled lizards
  A jackal skeleton (D:4)
  A leopard gecko skeleton (D:4)
  4 rats
  2 rat zombies (D:2)
155 creatures vanquished.

Vanquished Creatures (others)
  An orc (D:8)
  A goblin (D:3)
  2 plants (D:5)
4 creatures vanquished.

Grand Total: 159 creatures vanquished

Notes
Turn   | Place    | Note
-------+----------+-------------------------------------------
     0 | D:1      | BALLS the Vine Stalker Fighter began the quest for the Orb.
     0 | D:1      | Reached XP level 1. HP: 11/11 MP: 2/2
    69 | D:1      | Reached skill level 2 in Long Blades
   482 | D:1      | Reached XP level 2. HP: 13/16 MP: 1/3
   968 | D:2      | Found an ancient bone altar of Kikubaaqudgha.
  1094 | D:2      | Reached skill level 3 in Long Blades
  1094 | D:2      | Reached XP level 3. HP: 10/19 MP: 1/4
  1299 | D:2      | Noticed Terence
  1313 | D:2      | Killed Terence
  1364 | D:2      | Gained mutation: Your natural rate of healing is unusually fast. [Vine Stalker growth]
  1364 | D:2      | Reached XP level 4. HP: 22/23 MP: 5/5
  1487 | D:2      | Found a blossoming altar of Fedhas.
  1737 | D:2      | Reached skill level 4 in Long Blades
  1967 | D:3      | Noticed a bullfrog
  1970 | D:3      | Killed a bullfrog
  1970 | D:3      | Reached XP level 5. HP: 22/27 MP: 6/6
  1997 | D:3      | Reached skill level 5 in Long Blades
  2445 | D:3      | Noticed Robin
  2501 | D:3      | Killed Robin
  2501 | D:3      | Reached XP level 6. HP: 32/32 MP: 7/7
  2688 | D:4      | Found a sacrificial altar of Ru.
  2698 | D:4      | Reached skill level 6 in Long Blades
  3027 | D:4      | Found a sparkling altar of Nemelex Xobeh.
  3162 | D:4      | Found a snail-covered altar of Cheibriados.
  3370 | D:4      | Found a runed door.
  3374 | D:4      | Noticed Crazy Yiuf
  3379 | D:4      | Killed Crazy Yiuf
  3466 | D:5      | Entered Level 5 of the Dungeon
  3469 | D:5      | Found Vitri's Jewellery Shop.
  3477 | D:5      | Noticed a two-headed ogre
  3522 | D:5      | Reached XP level 7. HP: 33/35 MP: 8/8
  3531 | D:5      | Found an opulent altar of Gozag.
  3552 | D:5      | Found a shattered altar of Ashenzari.
  3556 | D:5      | Reached skill level 7 in Long Blades
  3568 | D:5      | Found Quutu's Gadget Shop.
  3681 | D:6      | Noticed Prince Ribbit
  3714 | D:5      | Found Tuef's Distillery.
  3911 | D:5      | Found a radiant altar of Vehumet.
  3943 | D:5      | Killed a two-headed ogre
  3943 | D:5      | Gained mutation: You have razor-sharp teeth. [Vine Stalker growth]
  3943 | D:5      | Reached XP level 8. HP: 4/44 MP: 9/9
  4065 | D:5      | Found Uvoppoq's Weapon Shoppe.
  4364 | D:5      | Noticed Edmund
  4383 | D:5      | Killed Edmund
  4383 | D:5      | Reached XP level 9. HP: 40/48 MP: 10/10
  4414 | D:5      | Noticed Sigmund
  4425 | D:5      | Killed Sigmund
  4701 | D:6      | Found a staircase to the Ecumenical Temple.
  4742 | Temple   | Entered the Ecumenical Temple
  5067 | D:6      | Killed Prince Ribbit
  5067 | D:6      | Reached skill level 5 in Shields
  5347 | D:6      | Found an iron altar of Okawaru.
  5355 | D:6      | Became a worshipper of Warmaster Okawaru
  5499 | D:7      | Reached skill level 5 in Armour
  5606 | D:7      | Noticed a deep elf mage
  5618 | D:7      | Killed a deep elf mage
  5618 | D:7      | Reached * piety under Okawaru
  5618 | D:7      | Reached skill level 8 in Long Blades
  5684 | D:7      | Reached skill level 9 in Long Blades
  5813 | D:7      | Learned a level 2 spell: Blink
  5917 | D:7      | Reached XP level 10. HP: 53/53 MP: 11/11
  6055 | D:7      | Found a stormy altar of Qazlal.
  6181 | D:8      | Found a staircase to the Lair.
  6217 | D:7      | Reached ** piety under Okawaru
  6223 | D:7      | Reached skill level 10 in Long Blades
  6391 | D:8      | Got a faintly glowing morningstar
  6392 | D:8      | Identified the cursed +1 morningstar of Inconvenience {flame, rF- MR++ Int+3 SInv} (You found it on level 8 of the Dungeon)
  6791 | D:8      | HP: 1/53 [electric eel/bolt of electricity (7)]
  6792 | D:8      | Killed from afar by an electric eel

Skill      XL: |  1  2  3  4  5  6  7  8  9 10 |
---------------+-------------------------------+-----
Long Blades    | 2 3 4 5 6 7 9 10 | 10.4
Fighting       | 6 |  6.2
Shields        | 3 5 |  5.1
Armour         | 3 5 |  5.0

Action                   |  1- 3 |  4- 6 |  7- 9 | 10-12 || total
-------------------------+-------+-------+-------+-------++-------
Melee: Long sword        |    68 |   154 |   217 |    79 ||   518
       Bite              |    13 |    63 |   102 |    36 ||   214
  Use: Potion            |       |       |     1 |       ||     1
       Scroll            |       |       |     1 |    12 ||    13
  Eat: Chunk             |     1 |     7 |    10 |     2 ||    20
Armor: Scale mail        |    25 |    50 |    37 |       ||   112
       Ring mail         |       |       |    24 |    31 ||    55
Dodge: Dodged            |    17 |    33 |    40 |    19 ||   109
Block: Shield            |    26 |    93 |   138 |    93 ||   350
       Reflection        |       |       |       |     2 ||     2
       Rpst.: Long sword |     5 |    13 |     7 |     2 ||    27
